AoeStats
← CHLORIAN

Arena

510190187Analyzed
1v1 RM · 1d ago on Sep 29, 2026· 70m 28s· 2 players
Game mode
Random Map
Map size
Tiny (2 player)
Population
200
Speed
Normal
Resources
Standard
Victory
Conquest
Starting age
Dark Age
Ending age
Imperial Age
RankedLock teamsTeams togetherTeam positionsShared explorationLock speedFull tech treeHidden civsTurbo modeCheats
Victory
Defeat
🇺🇸 Goths · United States
741
+17
🇹🇷 Slavs · Türkiye
773
-43
santiferno101
5:23 Loom
12:52 Feudal Age
17:36 Castle Age
15:36 Horse Collar
15:43 Double-Bit Axe
16:13 Stone Mining
16:51 Gold Mining
17:51 Fletching
18:46 Bow Saw
20:09 Scale Mail Armor
25:24 Chain Mail Armor
28:12 Stone Shaft Mining
28:22 Forging
29:09 Wheelbarrow
28:20 Town Watch
28:38 Bodkin Arrow
30:45 Hand Cart
31:06 Heavy Plow
31:57 Iron Casting
32:28 Town Patrol
36:00 Imperial Age
36:05 Capped Ram
36:18 Elite Huskarl
38:24 Conscription
43:09 Blast Furnace
41:44 Pikeman
42:27 Squires
42:29 Halberdier
49:19 Heavy Scorpion
59:23 Perfusion
59:33 Scale Barding Armor
59:29 Padded Archer Armor
59:29 Bracer
63:07 Chemistry
62:14 Elite Skirmisher
62:20 Light Cavalry
63:10 Bloodlines
67:18 Hussar
70:05 Chain Barding Armor
70:00 Leather Archer Armor
69:52 Husbandry
CHLORIAN
10:56 Feudal Age
17:35 Castle Age
19:45 Double-Bit Axe
21:38 Squires
21:36 Pikeman
28:03 Horse Collar
28:36 Bow Saw
29:20 Light Cavalry
30:00 Husbandry
30:11 Bloodlines
30:07 Gold Mining
30:10 Stone Mining
31:12 Masonry
32:41 Detinets
35:30 Imperial Age
33:39 Scale Barding Armor
33:34 Scale Mail Armor
33:45 Forging
35:34 Elite Boyar
35:37 Capped Ram
35:45 Hussar
42:19 Chain Barding Armor
45:08 Cavalier
46:47 Man-at-Arms
47:33 Long Swordsman
48:30 Siege Ram
48:35 Two-Handed Swordsman
49:39 Champion
50:50 Champion
52:55 Ballistics
52:53 Champion
60:33 Crossbowman
60:54 Elite Skirmisher
64:11 Hoardings
63:57 Conscription
Connection lost

Rejoining the realm…

Still unreachable

The connection could not be restored.

Session expired

The server has moved on; the page needs a fresh start.